 Dungeon Crawl Stone Soup version 0.29.1-15-g9cfb28693d (webtiles) character file.

Game seed: 1676323337793696718

3127 jtron the Grappler (level 9, 0/82 HPs)
             Began as a Troll Monk on Feb 26, 2023.
             Was a Believer of Hepliaklqana.
             Killed from afar by an electric eel (7 damage)
             ... with a bolt of electricity
             ... on level 7 of the Dungeon.
             The game lasted 00:18:26 (4647 turns).

jtron the Grappler (Troll Monk)                     Turns: 4647, Time: 00:18:27

Health: 0/82       AC:  8    Str: 21    XL:     9   Next: 61%
Magic:  8/8        EV: 11    Int:  6    God:    Hepliaklqana [**....]
Gold:   395        SH:  0    Dex: 16    Spells: 8/8 levels left

rFire   . . .      SeeInvis .     - Unarmed
rCold   . . .      Faith    .   (no shield)
rNeg    . . .      Spirit   .   z - +0 steam dragon scales
rPois   +          Reflect  .   (helmet restricted)
rElec   .          Harm     .   k - +0 cloak
rCorr   .          Rampage  .   (gloves unavailable)
Will    .....                   (boots unavailable)
Stlth   ++........              (no amulet)
HPRegen 1.03/turn               (no ring)
MPRegen 0.11/turn               (no ring)

@: about to teleport
A: reduced essence, large, unfitting armour, claws 3, regeneration 1, shaggy fur
1, tough skin 1, poison resistance, MP-powered wands
a: Renounce Religion, Recall Ancestor, Ancestor Identity


You were on level 7 of the Dungeon.
You worshipped Hepliaklqana.
Hepliaklqana was pleased with you.
You visited 1 branch of the dungeon, and saw 7 of its levels.

You collected 395 gold pieces.

Inventory:

Hand Weapons
 b - a +0 sling
Missiles
 j - 51 stones (quivered)
 o - 4 datura-tipped darts
 v - 6 boomerangs
Armour
 a - a +0 robe
 k - a +0 cloak (worn)
 z - +0 steam dragon scales (worn)
Magical Staves
 w - a staff of air
Jewellery
 p - an amulet of magic regeneration
 u - a ring of ice
Wands
 l - a wand of charming (4)
 y - a wand of flame (12)
Scrolls
 c - a scroll of teleportation
 d - a scroll of amnesia {unknown}
 e - 4 scrolls of noise
 f - a scroll of torment
 g - a scroll of vulnerability {unknown}
 q - a scroll of enchant weapon {unknown}
 s - a scroll of butterflies {unknown}
Potions
 h - a potion of brilliance
 i - 2 potions of invisibility
 n - 3 potions of curing
 r - 2 potions of flight
 t - a potion of ambrosia
 x - a potion of lignification {unknown}


   Skills:
 * Level 6.5 Fighting
 + Level 2.8 Ranged Weapons
 + Level 0.3 Throwing
 - Level 3.0 Dodging
 + Level 2.6 Stealth
 + Level 10.0 Unarmed Combat


You had 8 spell levels left.
You didn't know any spells.
Your spell library contained the following spells:

 Spells                   Type           Power      Damage    Failure   Level
 Sandblast                Erth           0%         2d4       45%         1
 Slow                     Hex            0%         N/A       45%         1
 Passwall                 Tmut/Erth      0%         N/A       58%         2
 Confusing Touch          Hex            0%         N/A       83%         3
 Ozocubu's Armour         Ice            0%         N/A       83%         3
 Stone Arrow              Conj/Erth      0%         3d7       83%         3
 Vampiric Draining        Necr           0%         2d6       83%         3
 Ozocubu's Refrigeration  Ice            0%         4d7       100%        7


Dungeon Overview and Level Annotations

Branches:
Dungeon (7/15)             Temple (0/1) D:7

Altars:
Gozag
Hepliaklqana
Nemelex Xobeh
The Shining One

Shops:
D:1 *[!*


Innate Abilities, Weirdness & Mutations

Your life essence is reduced to manifest your ancestor. (-10% HP)
You are too large for most types of armour.
You have claws for hands.
Your natural rate of healing is unusually fast.
You are covered in fur. (AC +1)
You have tough skin. (AC +1)
Your system is resistant to poisons. (rPois)
You expend magic power (3 MP) to strengthen your wands.


Message History

The bolt of electricity misses you.
The bolt of electricity hits Ahhotep!
The electric eel shoots out a bolt of lightning at you!
The bolt of electricity hits you!
The bolt of electricity hits Ahhotep!
The electric eel shoots out a bolt of lightning at you!
The bolt of electricity hits you!
The bolt of electricity hits Ahhotep!
Ahhotep is destroyed!
An electric eel comes into view.
You mangle the electric eel!!
You kill the electric eel!
The electric eel shoots out a bolt of lightning at you!
The bolt of electricity hits you!
The electric eel shoots out a bolt of lightning at you!
The bolt of electricity hits the electric eel.
The electric eel completely resists.
The bolt of electricity hits you!
You scratch the electric eel.
The electric eel is moderately wounded.
The electric eel shoots out a bolt of lightning at you!
The bolt of electricity hits you.
The electric eel shoots out a bolt of lightning at you!
The bolt of electricity hits the electric eel.
The electric eel completely resists.
The bolt of electricity hits you!
You closely miss the electric eel.
The electric eel is moderately wounded.
The electric eel shoots out a bolt of lightning at you!
The bolt of electricity hits you!
* * * LOW HITPOINT WARNING * * *
You feel better.
The electric eel shoots out a bolt of lightning at you!
The bolt of electricity hits the electric eel.
The electric eel completely resists.
The bolt of electricity hits you.
* * * LOW HITPOINT WARNING * * *
As you read the scroll labelled TURUVE KOHIATI, it crumbles to dust.
You feel strangely unstable.
It was a scroll of teleportation.
The electric eel shoots out a bolt of lightning at you!
The bolt of electricity hits the electric eel.
The electric eel completely resists.
The bolt of electricity hits you!
* * * LOW HITPOINT WARNING * * *
The electric eel shoots out a bolt of lightning at you!
The bolt of electricity hits you!
You die...

.♣~~~.~P~♣ .PS~~.~~~♣.
.♣~~~.~~~~ ~P~~.P~~♣
♣P~.PP~ #~~.P~♣ ##~.S~#
##### #.#.....# #...#
.... #.....@.# #...#
.... #####.#.# #...#
....... #.#.# #...#
#.......)######.#.#
#...##
#...............#.#
#.†...
P.................#
#..#..⌠
PP............#.### ##.
##...
~P.......##.....######
#. ##..#.
~...........##........#
#.##..##.


You could see 2 electric eels.

Vanquished Creatures
  A two-headed ogre (D:5)
  Maggie (D:7)
  A wraith (D:5)
  A yak (D:6)
  Menkaure (D:4)
  An ice beast (D:6)
  A sky beast (D:7)
  A black bear (D:4)
  2 ogres
  A phantom (D:6)
  3 scorpions
  4 killer bees (D:7)
  An electric eel (D:7)
  2 orc priests
  Crazy Yiuf (D:2)
  2 hounds (D:6)
  3 iguanas
  4 orc wizards
  5 gnolls
  7 adders
  3 worms
  20 orcs
  7 ball pythons
  7 bats
  5 endoplasms
  4 giant cockroaches
  7 goblins
  6 hobgoblins
  6 jackals
  2 quokkas
  5 frilled lizards
  12 kobolds
  7 rats
134 creatures vanquished.

Vanquished Creatures (collateral kills)
  An ice beast (D:6)
  A kobold brigand (D:6)
  A necrophage (D:6)
  2 killer bees (D:7)
  2 electric eels (D:7)
  An iguana (D:6)
  A white imp (D:6)
  4 orcs (D:6)
  2 kobolds (D:6)
15 creatures vanquished.

Vanquished Creatures (others)
  2 battlemagi (D:7)
  An orc (D:7)
  3 plants
6 creatures vanquished.

Grand Total: 155 creatures vanquished

Notes
Turn   | Place    | Note
-------+----------+-------------------------------------------
     0 | D:1      | jtron the Troll Monk began the quest for the Orb.
     0 | D:1      | Reached XP level 1. HP: 22/22 MP: 0/0
    16 | D:1      | Found a faded altar of an unknown god.
    55 | D:1      | Found Bippemet's Armour Emporium.
   120 | D:1      | Reached XP level 2. HP: 29/29 MP: 1/1
   245 | D:1      | Found Kocysah's Distillery.
   391 | D:1      | Found Xuvuos's General Store.
   446 | D:1      | Found Wiasim's General Store.
   473 | D:1      | Reached XP level 3. HP: 36/36 MP: 2/2
   606 | D:2      | Found a runed translucent door.
   607 | D:2      | Noticed Crazy Yiuf
   616 | D:2      | Killed Crazy Yiuf
   617 | D:2      | Reached XP level 4. HP: 4/45 MP: 0/3
  1256 | D:2      | Gained mutation: You expend magic power (3 MP) to
                  | strengthen your wands. [potion of mutation]
  1256 | D:2      | Gained mutation: Your system is resistant to poisons.
                  | (rPois) [potion of mutation]
  1296 | D:3      | Identified the +1 scale mail of Utiot {Dex+4}
  1327 | D:3      | Reached skill level 4 in Unarmed Combat
  1580 | D:3      | Reached XP level 5. HP: 47/53 MP: 4/4
  1756 | D:3      | Found a sparkling altar of Nemelex Xobeh.
  1757 | D:3      | Found an opulent altar of Gozag.
  2323 | D:4      | Reached skill level 5 in Unarmed Combat
  2327 | D:4      | Noticed Menkaure
  2367 | D:4      | Reached XP level 6. HP: 61/61 MP: 5/5
  2552 | D:4      | Killed Menkaure
  2553 | D:4      | Reached skill level 1 in Ranged Weapons
  2702 | D:5      | Entered Level 5 of the Dungeon
  2771 | D:5      | Noticed a wraith
  2787 | D:5      | Killed a wraith
  2788 | D:5      | Reached skill level 6 in Unarmed Combat
  2788 | D:5      | Reached XP level 7. HP: 43/70 MP: 6/6
  2964 | D:5      | Noticed a two-headed ogre
  3409 | D:5      | Killed a two-headed ogre
  3410 | D:5      | Reached skill level 5 in Fighting
  3410 | D:5      | Reached skill level 7 in Unarmed Combat
  3410 | D:5      | Reached XP level 8. HP: 66/80 MP: 7/7
  3881 | D:6      | Found a hazy altar of Hepliaklqana.
  3882 | D:6      | Found a glowing golden altar of the Shining One.
  3895 | D:6      | Became a worshipper of Hepliaklqana the Forgotten
  3895 | D:6      | Reached * piety under Hepliaklqana
  3895 | D:6      | Reached ** piety under Hepliaklqana
  3921 | D:6      | Remembered your ancestor Ahhotep as a battlemage
  4000 | D:6      | Reached skill level 8 in Unarmed Combat
  4040 | D:6      | Reached XP level 9. HP: 80/80 MP: 8/8
  4355 | D:7      | Found a staircase to the Ecumenical Temple.
  4370 | D:7      | Reached skill level 9 in Unarmed Combat
  4388 | D:7      | Noticed Maggie
  4398 | D:7      | Killed Maggie
  4570 | D:7      | Reached skill level 10 in Unarmed Combat
  4647 | D:7      | Killed from afar by an electric eel

Illustrated notes

Levels and vault maps discovered:
D:1:      minmay_arrival_glassed_features, layout_rooms,
          dreamdust_ecumenical_altar_grove, serial_shops,
          nicolae_shop_waterfront, nicolae_shop_advertising_works
          [nicolae_subvault_shop_adworks], nicolae_shop_hallway_stairs, shop
D:2:      layout_loops_cross, uniq_crazy_yiuf_cottage
D:3:      layout_loops_ring, grunt_temple_overflow_opulence, minmay_between
D:4:      layout_loops_cross, uniq_menkaure
D:5:      layout_loops_cross, minmay_misc_feat_hallway, nrook_pool_corridor
D:6:      layout_rooms, amethyst_overflow_temple_binary,
          kennysheep_generic_room_2
D:7:      layout_basic, mainiacjoe_overflow_24_doors, minmay_temple_entry_waves,
          serial_bayou, serial_bayou_pond_c, serial_bayou_crossing,
          serial_bayou_pond_d, serial_bayou_lagoon_b, grunt_decor_clamped,
          uniq_maggie

Skill      XL: |  1  2  3  4  5  6  7  8  9 |
---------------+----------------------------+-----
Fighting       | 3 4 5 6 |  6.5
Dodging        | 3 |  3.0
Unarmed Combat | 4 5 6 7 8 10 | 10.0
Ranged Weapons | 1 2 |  2.8
Stealth        | 2 |  2.6
Throwing       | |  0.3

Action                   |  1- 3 |  4- 6 |  7- 9 || total
-------------------------+-------+-------+-------++-------
Melee: Unarmed           |    92 |   184 |   174 ||   450
       Punch             |     2 |     5 |     4 ||    11
 Fire: Sling             |       |    21 |       ||    21
Throw: Stone             |       |     3 |       ||     3
Invok: Ancestor Life: Ba |       |       |     1 ||     1
  Use: Potion            |     1 |     4 |     4 ||     9
       Scroll            |       |     6 |     3 ||     9
 Stab: Sleeping          |     1 |     6 |     1 ||     8
Armor: Robe              |    21 |    67 |    36 ||   124
       Steam dragon scal |       |       |    16 ||    16
Dodge: Dodged            |    38 |    73 |    86 ||   197
